Map: Solaris LE

Players

ShoWTimE

  • Race: Protoss Protoss
  • Spawn Location: 1:00

ONSYDEmaru (Maru) - Winner!

  • Race: Terran Terran
  • Spawn Location: 7:00

VOD

Have the link to the VOD?

Description

Time

  • Played on: Dec. 20, 2023, 6:18 a.m.
  • Length: 9:51
Show
View Real Time Build Order
Export as new Build Order

ShoWTimE Protoss 

Build Orders: 1 Gate Expand, Blink Stalkers 

Get SALT Encoding   

  12  0:00  Probe  
  13  0:12  Probe  
  14  0:17  Pylon  
  14  0:24  Probe  
  15  0:35  Gateway  
  15  0:36  Probe (Chrono Boost)  
  16  0:46  Assimilator, Probe (Chrono Boost)  
  17  0:51  Probe (Chrono Boost)  
  18  1:03  Probe  
  19  1:15  Probe  
  20  1:22  Nexus  
  20  1:33  Cybernetics Core  
  20  1:34  Probe  
  21  1:41  Assimilator  
  21  1:46  Probe  
  22  1:50  Pylon  
  22  1:58  Probe  
  23  2:06  Adept (Chrono Boost)  
  23  2:09  Warp Gate  
  23  2:10  Probe  
  26  2:18  Twilight Council  
  26  2:22  Probe  
  27  2:28  Stalker (Chrono Boost)  
  29  2:34  Probe x2  
  31  2:46  Probe x2  
  33  2:55  Blink (Chrono Boost)  
  33  2:58  Probe x2  
  35  3:05  Stalker  
  35  3:10  Gateway, Probe  
  35  3:12  Probe  
  39  3:23  Robotics Facility, Probe  
  39  3:24  Probe  
  41  3:32  Gateway  
  41  3:35  Probe  
  41  3:36  Probe  
  41  3:40  Pylon  
  43  3:43  Assimilator  
  43  3:47  Probe  
  43  3:48  Probe  
  45  3:58  Stalker  
  45  4:01  Probe x2  
  49  4:03  Pylon  
  49  4:06  Warp Prism (Chrono Boost)  
  49  4:11  Stalker  
  53  4:17  Pylon  
  53  4:21  Stalker  
  55  4:26  Stalker  
  57  4:34  Nexus  
  57  4:40  Stalker  
  57  4:45  Observer, Probe x2  
  62  4:46  Stalker  
  64  4:54  Stalker  
  64  4:57  Probe x2  
  68  5:00  Pylon  
  68  5:07  Robotics Bay  
  68  5:08  Forge  
  68  5:09  Probe  
  68  5:11  Assimilator, Probe  
  70  5:21  Probe  
  70  5:23  Probe  
  68  5:37  Probe  
  68  5:38  Charge  
  68  5:39  Probe, Pylon  
  68  5:42  Stalker x2  
  74  5:44  Stalker  
  74  5:45  Gateway  
  74  5:46  Gateway  
  74  5:49  Probe  
  76  5:53  Probe  
  76  5:56  Gateway  
  75  6:08  Colossus (Chrono Boost)  
  75  6:09  Probe  
  71  6:15  Protoss Ground Weapons Level 1  
  71  6:17  Stalker  
  81  6:30  Gateway  
  81  6:32  Gateway  
  78  6:36  Sentry  
  78  6:37  Sentry  
  78  6:38  Extended Thermal Lance  
  82  6:43  Pylon  
  82  6:48  Shield Battery  
  80  6:58  Shield Battery  
  80  6:59  Zealot x4, Sentry  
  90  7:05  Colossus (Chrono Boost)  
  96  7:13  Pylon  
  96  7:22  Zealot x3  
  102  7:23  Pylon  
  102  7:27  Zealot x2  
  106  7:32  Zealot  
  106  7:33  Zealot  
  110  7:40  Pylon  
  110  7:48  Pylon, Colossus (Chrono Boost)  
  110  7:49  Zealot  
  118  7:56  Zealot x2  
  121  8:12  Zealot  
  121  8:13  Zealot x4  
  129  8:20  Zealot x2  
  129  8:21  Zealot  
  135  8:45  Zealot x3  
  141  8:53  Zealot x3  
  141  8:57  Pylon  
  141  8:59  Pylon  
  141  9:00  Pylon  
  133  9:20  Stalker x6  
  133  9:21  Stalker x2  
Show
View Real Time Build Order
Export as new Build Order

ONSYDEmaru Terran - Winner!

Build Orders: Reaper Expand 

Get SALT Encoding   

  12  0:01  SCV  
  13  0:13  SCV  
  14  0:17  Supply Depot  
  14  0:25  SCV  
  15  0:39  SCV  
  15  0:40  Barracks  
  16  0:43  Refinery  
  16  0:51  SCV  
  17  1:03  SCV  
  18  1:15  SCV  
  19  1:27  Orbital Command  
  19  1:28  Supply Depot, Reaper  
  20  1:47  Command Center  
  20  1:53  SCV  
  21  2:01  Marine  
  22  2:05  SCV  
  22  2:07  Factory  
  23  2:13  Refinery  
  23  2:19  SCV  
  24  2:23  Barracks Reactor  
  24  2:25  Bunker  
  24  2:31  SCV  
  25  2:43  SCV  
  26  2:51  Starport  
  26  2:55  SCV, Widow Mine  
  29  3:00  Marine x2  
  29  3:01  Orbital Command  
  30  3:08  SCV  
  31  3:17  Widow Mine  
  31  3:18  Marine x2  
  35  3:21  SCV  
  35  3:22  Barracks  
  37  3:27  SCV  
  37  3:28  Medivac  
  39  3:35  SCV  
  39  3:37  Supply Depot  
  39  3:39  SCV  
  41  3:42  Factory Tech Lab  
  41  3:45  Marine  
  41  3:46  Marine  
  41  3:47  SCV  
  44  3:51  Supply Depot, SCV  
  45  3:59  SCV  
  45  4:00  Barracks  
  45  4:02  Starport Tech Lab  
  46  4:04  Siege Tank  
  46  4:07  SCV  
  50  4:10  Marine x2  
  50  4:15  Marine  
  53  4:18  SCV  
  53  4:19  Engineering Bay  
  53  4:20  SCV  
  53  4:24  Raven  
  57  4:26  Refinery  
  57  4:35  Marine  
  57  4:36  Supply Depot, Marine  
  60  4:39  SCV x2  
  61  4:45  Terran Infantry Weapons Level 1  
  61  4:49  Supply Depot  
  61  4:50  Marine  
  62  4:54  Stimpack  
  62  4:57  Marine x3  
  62  4:58  SCV  
  62  4:59  Supply Depot, SCV  
  67  5:06  Supply Depot  
  67  5:10  SCV, Starport Reactor, Factory Reactor  
  67  5:12  SCV  
  69  5:15  Marine x3  
  72  5:22  Combat Shield, Marine  
  72  5:25  SCV  
  71  5:29  SCV  
  71  5:33  Marine x2  
  70  5:36  Starport Reactor, Marine  
  70  5:38  SCV  
  70  5:39  Supply Depot  
  70  5:40  Marauder  
  74  5:48  Widow Mine x2  
  78  5:51  Marine, Marauder  
  78  5:54  Marine  
  82  5:58  Supply Depot  
  82  6:01  Marauder  
  84  6:09  SCV x2, Marine  
  84  6:11  Refinery  
  85  6:12  Marine  
  85  6:13  Marauder  
  85  6:14  Medivac  
  85  6:15  Widow Mine, Medivac  
  92  6:23  Marauder  
  92  6:24  Supply Depot  
  92  6:26  Marine, Widow Mine  
  92  6:30  Marine  
  96  6:34  Marauder  
  96  6:36  Command Center  
  96  6:39  Terran Infantry Armor Level 1  
  98  6:43  Marine  
  98  6:44  Concussive Shells, Marine  
  100  6:48  Marine  
  100  6:51  Supply Depot  
  100  6:55  Marauder  
  102  7:02  Marine, Marauder  
  102  7:03  Medivac  
  102  7:04  Barracks, Medivac  
  102  7:05  Marine, Barracks  
  110  7:13  Widow Mine x2  
  114  7:16  Supply Depot  
  114  7:17  SCV x2  
  116  7:26  Marauder  
  118  7:38  Marauder, Viking  
  118  7:39  Supply Depot  
  122  7:46  SCV x2  
  122  7:47  Marauder, Armory  
  122  7:49  Engineering Bay, Widow Mine  
  128  7:57  Barracks Tech Lab, Barracks Reactor  
  128  7:58  SCV  
  128  8:00  SCV  
  128  8:03  Marine  
  128  8:04  Marauder  
  133  8:07  Orbital Command  
  133  8:08  Marauder  
  133  8:10  SCV  
  133  8:12  Viking  
  138  8:15  Viking  
  138  8:16  SCV  
  137  8:26  Supply Depot  
  137  8:29  Marauder x2  
  137  8:32  SCV  
  137  8:33  SCV  
  144  8:34  SCV  
  144  8:38  Marine x3  
  144  8:39  Marauder  
  147  8:44  SCV  
  147  8:46  Viking  
  147  8:47  Viking  
  149  8:51  Supply Depot, Marauder x2  
  149  8:54  Marine  
  154  9:00  Marauder  
  156  9:04  Supply Depot  
  156  9:08  SCV  
  147  9:10  SCV  
  147  9:15  Supply Depot  
  148  9:20  SCV  
  148  9:22  SCV  
  148  9:24  Orbital Command  
Tags
 
Add a new tag
Caveats
  • Supply blocks, unpowered buildings, or Contaminate may cause inaccurate times.
  • Supply counts are checked every 10 seconds.